 Dungeon Crawl Stone Soup version 0.21.1-1-g345015f (webtiles) character file.

57 dalore the Cudgeler (level 3, -10/51 HPs)
             Began as a Minotaur Berserker on Apr 5, 2018.
             Was a Believer of Trog.
             Killed from afar by keltmir's ghost (15 damage)
             ... with a flame tongue
             ... on level 3 of the Dungeon.
             The game lasted 00:10:01 (1150 turns).

dalore the Cudgeler (Minotaur Berserker)            Turns: 1150, Time: 00:10:02

Health: -10/51     AC:  2    Str: 27    XL:     3   Next: 73%
Magic:  2/2        EV: 12    Int:  4    God:    Trog [**....]
Gold:   56         SH:  0    Dex:  9    Spells: 2/2 levels left

rFire    . . .     SeeInvis .   a - +0 mace
rCold    . . .     Gourm    .   (no shield)
rNeg     . . .     Faith    .   b - +0 animal skin
rPois    .         Spirit   .   (helmet restricted)
rElec    .         Reflect  .   (no cloak)
rCorr    .         Harm     .   (no gloves)
MR       .....                  (no boots)
Stlth    ..........             (no amulet)
HPRegen  0.17/turn              (no ring)
MPRegen  0.08/turn              (no ring)

@: berserking, very quick
A: retaliatory headbutt, horns 2
a: Berserk, Trog's Hand, Burn Spellbooks, Renounce Religion


You were on level 3 of the Dungeon.
You worshipped Trog.
Trog was pleased with you.
You were hungry.

You visited 1 branch of the dungeon, and saw 3 of its levels.

You collected 56 gold pieces.

Inventory:

Hand Weapons
 a - a +0 mace (weapon)
Missiles
 h - a throwing net {=f, !d}
Armour
 b - a +0 animal skin (worn)
Jewellery
 f - an uncursed ring of ice {unknown}
   (You found it on level 1 of the Dungeon)
Scrolls
 e - 2 scrolls of identify {unknown}
 g - 3 scrolls of remove curse {unknown}
Potions
 d - a potion of resistance {unknown}
 i - a potion of curing {unknown}
Comestibles
 c - 2 rations
 j - a chunk of flesh {@w0}


   Skills:
 + Level 4.3 Fighting
 + Level 4.6 Maces & Flails
 + Level 2.8 Armour
 + Level 2.5 Dodging
 + Level 0.2 Stealth


You had 2 spell levels left.
You didn't know any spells.

Dungeon Overview and Level Annotations

Branches:
Dungeon (3/15)

Altars:

Annotations:
D:3 keltmir's ghost, amateur GnWn


Innate Abilities, Weirdness & Mutations

You reflexively headbutt those who attack you in melee.
You have a pair of horns on your head.


Message History

The quokka barely misses you.
Things that are here:
a club; 3 stones You closely miss the quokka.
You kill the quokka!
Trog accepts your kill.
There is an open door here.
Things that are here:
2 stones; a quokka corpse You butcher the quokka corpse.
j - a chunk of flesh {@w0}
There is an open door here.
You see here 2 stones.
Eating a chunk of flesh {@w0}.
You eat the chunk of flesh {@w0}.
A stone staircase leading down.
There is a stone staircase leading down here.
You climb downwards.
You hear the sound of rushing water.
There is an entrance to a sewer on this level.
Hurry and find it before the portal rusts away!
A frilled lizard, a leopard gecko and a skeleton come into view.
The frilled lizard hisses angrily.
The leopard gecko hisses angrily.
There is a stone staircase leading up here.
The leopard gecko moves out of view.
You sock the howler monkey skeleton! The howler monkey skeleton hits you.
You take 4 damage, and have 29/33 hp.
You thump the howler monkey skeleton!
You headbutt the howler monkey skeleton, but do no damage.
The howler monkey skeleton closely misses you.
You hit the howler monkey skeleton but do no damage.
The frilled lizard bites you but does no damage.
The howler monkey skeleton closely misses you.
You hit the howler monkey skeleton. The leopard gecko closely misses you.
The frilled lizard bites you. The howler monkey skeleton hits you.
The leopard gecko misses you. You furiously retaliate!
You headbutt the leopard gecko!
You kill the leopard gecko!
Trog accepts your kill.
You take 4 damage, and have 25/33 hp.
You sock the howler monkey skeleton!
You destroy the howler monkey skeleton!
Trog accepts your kill. The frilled lizard barely misses you.
You furiously retaliate!
You headbutt the frilled lizard.
You kill the frilled lizard!
Trog accepts your kill.
You see here a frilled lizard corpse.
You butcher the frilled lizard corpse.
j - a chunk of flesh {@w0}
There are no items here.
You now have 56 gold pieces (gained 11).
A water moccasin zombie comes into view.
A quokka zombie comes into view.
Keltmir's ghost (amateur Gnoll Wanderer) comes into view.
It is wielding a weapon of protection.
You open the door.
Keltmir's ghost turns its malevolent gaze towards you.
An adder skeleton comes into view.
An adder comes into view.
There is an open door here.
The adder hisses angrily.
You sock the water moccasin zombie!
The water moccasin zombie closely misses you.
You furiously retaliate!
You headbutt the water moccasin zombie!
The water moccasin zombie completely misses you.
You hit the water moccasin zombie.
The adder skeleton completely misses you.
You furiously retaliate!
You headbutt the adder skeleton! The water moccasin zombie bites you!
You take 7 damage, and have 20/33 hp.
MASSIVE DAMAGE!!
A red film seems to cover your vision as you go berserk!
You feel yourself moving faster!
You feel mighty!
You are feeling hungry.
The water moccasin zombie barely misses you.
You furiously retaliate!
You headbutt the water moccasin zombie.
Keltmir's ghost points at you and mumbles some strange words.
The flame tongue hits you!
* * * LOW HITPOINT WARNING * * *
The adder skeleton barely misses you. You furiously retaliate!
You headbutt the adder skeleton!
You destroy the adder skeleton!
Trog accepts your kill.
You now have 7/51 hp.
You are too injured to fight recklessly!
You hit the water moccasin zombie. The water moccasin zombie bites you.
* * * LOW HITPOINT WARNING * * *
Keltmir's ghost casts a spell at you. The flame tongue misses you.
The quokka zombie bites you but does no damage.
You take 1 damage, and have 6/51 hp.
You hit keltmir's ghost. You headbutt keltmir's ghost!
The water moccasin zombie bites you but does no damage.
Keltmir's ghost hits you but does no damage.
The quokka zombie bites you.
* * * LOW HITPOINT WARNING * * *
You take 1 damage, and have 5/51 hp.
You closely miss keltmir's ghost. Your headbutt misses keltmir's ghost.
The water moccasin zombie bites you but does no damage.
Keltmir's ghost gestures at you while chanting.
The flame tongue hits you!
You die...

##.###........
.......?...(...
..#............
............
#.........
#....S..#
#...WZZ.# #.@..#.#
#....#.#
#....#.#####.
#....#.#......
####.............
.................
#................
#..............[..
#.........##......


You could see keltmir's ghost, an adder, a water moccasin zombie and a quokka
zombie.

Vanquished Creatures
  An adder (D:2)
  A howler monkey skeleton (D:3)
  An adder skeleton (D:3)
  2 dart slugs (D:1)
  2 leopard geckos
  5 bats (D:1)
  5 goblins
  2 hobgoblins
  3 jackals (D:1)
  2 kobolds
  2 quokkas (D:2)
  3 frilled lizards
29 creatures vanquished.

Notes
Turn   | Place    | Note
-------+----------+-------------------------------------------
     0 | D:1      | dalore the Minotaur Berserker began the quest for the Orb.
     0 | D:1      | Reached XP level 1. HP: 19/19 MP: 0/0
    46 | D:1      | Reached skill level 4 in Maces & Flails
    46 | D:1      | Reached XP level 2. HP: 18/27 MP: 1/1
   240 | D:1      | Reached skill level 4 in Fighting
   708 | D:2      | Reached ** piety under Trog
   775 | D:2      | Reached XP level 3. HP: 14/33 MP: 2/2
   784 | D:2      | HP: 8/33 [poisoned by an adder]
   791 | D:2      | HP: 6/33 [poisoned by an adder]
   798 | D:2      | HP: 5/33 [poisoned by an adder]
   806 | D:2      | HP: 4/33 [poisoned by an adder]
  1143 | D:3      | Noticed keltmir's ghost (amateur GnWn)
  1147 | D:3      | HP: 7/49 [keltmir's ghost/flame tongue (24)]
  1150 | D:3      | Killed from afar by keltmir's ghost

Skill      XL: |  1  2 |
---------------+-------+-----
Maces & Flails | 4 |  4.6
Fighting       | 4 |  4.3
Armour         | |  2.8
Dodging        | |  2.5
Stealth        | |  0.2

Action                   || total
-------------------------++-------
Melee: Mace              ||    49
       Headbutt          ||     7
Invok: Berserk           ||     1
  Eat: Chunk             ||     1
Armor: Animal skin       ||    11
Dodge: Dodged            ||    43

Vault maps used:
D:1:      lightli_arrival_noodles, minmay_misc_feat_nine_boxes
D:2:      minitemple
D:3:      cheibrodos_sewer_entry_bend, serial_undead, serial_undead_e,
          serial_undead_a, serial_undead_e, serial_undead_a

Table legend:
 A = Turns spent in this place as a percentage of turns spent in the entire game.
 B = Non-inter-level travel turns spent in this place as a percentage of non-inter-level travel turns spent in the entire game.
 C = Inter-level travel turns spent in this place as a percentage of turns spent in this place.
 D = Turns resting spent in this place as a percentage of non-inter-level travel turns spent in this place.
 E = Turns spent auto-exploring this place as a percentage of non-inter-level travel turns spent in this place.
 F = Non-inter-level travel turns spent in this place divided by the number of levels of this place that you've seen.
                   A       B       C       D       E      F
               +-------+-------+-------+-------+-------+----------------------
         Total | 100.0 | 100.0 |   3.0 |  35.1 |  47.5 | 372.0
       Dungeon | 100.0 | 100.0 |   3.0 |  35.1 |  47.5 | 372.0
               +-------+-------+-------+-------+-------+----------------------

Table legend:
 A = Kills in this place as a percentage of kills in entire the game.
 B = Kills by you in this place as a percentage of kills by you in the entire game.
 C = Kills by friends in this place as a percentage of kills by friends in the entire game.
 D = Other kills in this place as a percentage of other kills in the entire game.
 E = Experience gained in this place as a percentage of experience gained in the entire game.
 F = Experience gained in this place divided by the number of levels of this place that you have seen.
                   A       B       C       D       E      F
               +-------+-------+-------+-------+-------+----------------------
         Total | 100.0 | 100.0 |   N/A |   N/A | 100.0 |  27.3
       Dungeon | 100.0 | 100.0 |   N/A |   N/A | 100.0 |  27.3
               +-------+-------+-------+-------+-------+----------------------
